[Event "Early-Titled-Tuesday-Blitz-January-30-2024"]
[Site "Chess.com"]
[Date "2024.01.30"]
[Round "2"]
[White "Mesa_1"]
[Black "MetiForce"]
[Result "0-1"]
[WhiteElo "2570"]
[BlackElo "2856"]
[TimeControl "180+1"]
[EndTime "8:17:02 PST"]
[Termination "MetiForce won by resignation"]

1. e4 c5 2. Nf3 d6 3. Nc3 Nc6 4. d4 cxd4 5. Nxd4 Nf6 6. Bg5 e6 7. Qd2 a6 8. O-O-O Bd7 9. h4 Be7 10. Kb1 Nxd4 11. Qxd4 Qc7 12. f3 b5 13. g4 O-O 14.
Be3 Rfc8 15. g5 Nh5 16. Rg1 b4 17. Ne2 Qxc2+ 18. Ka1 e5 19. Qd2 a5 20. Nc1 a4 21.
Qxc2 Rxc2 22. Bd3 Rh2 23. Rh1 Rxh1 24. Rxh1 Rc8 25. Bd2 Rb8 26. Ne2 Be6 27. Rc1 d5 28. Rc7 Bd6 29. Rc6 Bf8 30. Ra6 dxe4 31. Bxe4 Bc4 0-1

[Event "Early-Titled-Tuesday-Blitz-January-30-2024"]
[Site "Chess.com"]
[Date "2024.01.30"]
[Round "2"]
[White "Shodikulov_Jamshid1990"]
[Black "Harry_Rakkel"]
[Result "0-1"]
[WhiteElo "2395"]
[BlackElo "2716"]
[TimeControl "180+1"]
[EndTime "8:17:04 PST"]
[Termination "Harry_Rakkel won by resignation"]

1. e4 c6 2. d4 d5 3. exd5 cxd5 4. c4 Nf6 5. Nc3 e6 6. Nf3 Be7 7. Bg5 O-O 8. Qb3 Nc6 9. c5 b6 10. Bb5 Bd7 11. Bxc6 Bxc6 12. Ne5 Rc8 13. Nxc6 Rxc6 14. Qa4 Qc7 15. b4 bxc5 16. bxc5 Rb8 17. Be3 Ng4 18.
Kd2 Nxe3 19. fxe3 Rb2+ 20. Kd3 Rxg2 21. Rab1 g6 22. h4 h5 23. Nb5 Qg3 24. Nxa7 Qf2 25. Rhd1 Ra6 26. Qe8+ Kg7 0-1

[Event "Early-Titled-Tuesday-Blitz-January-30-2024"]
[Site "Chess.com"]
[Date "2024.01.30"]
[Round "2"]
[White "HATilay"]
[Black "ValentunHulka"]
[Result "0-1"]
[WhiteElo "2554"]
[BlackElo "2807"]
[TimeControl "180+1"]
[EndTime "8:17:05 PST"]
[Termination "ValentunHulka won by resignation"]

1. d4 Nf6 2. c4 e6 3. Nc3 Bb4 4. e3 O-O 5. Bd3 d5 6. Nf3 c5 7. cxd5 exd5 8. dxc5 Nc6 9. O-O Bg4 10. h3 Bh5 11. Na4 Qe7 12. a3 Bxc5 13. Nxc5 Qxc5 14. b4 Qe7 15. Bb2 Rac8 16. Rc1 Rfd8 17. Bf5 Rc7 18. b5 Na5 19. Rxc7 Qxc7 20. Bxf6 gxf6 21. Bg4 Bg6 22. Nd4 Nc4 23. h4 h6 24. Bf5 Qe5 25. Qg4 h5 26. Qh3 Nxa3 27. Ra1 Nxb5 28. Bxg6 fxg6 29. Ra5 Nxd4 30.
exd4 Qe1+ 0-1

[Event "Early-Titled-Tuesday-Blitz-January-30-2024"]
[Site "Chess.com"]
[Date "2024.01.30"]
[Round "2"]
[White "maciejbrzeski128"]
[Black "alexrustemov"]
[Result "1-0"]
[WhiteElo "2444"]
[BlackElo "2783"]
[TimeControl "180+1"]
[EndTime "8:17:05 PST"]
[Termination "maciejbrzeski128 won on time"]

1. e4 e6 2. d4 d5 3. Nd2 dxe4 4. Nxe4 Bd7 5. Nf3 Bc6 6. Bd3 Nd7 7. O-O Ngf6 8. Ng3 Be7 9. b3 O-O 10. Bb2 b5 11.
Ne5 Nxe5 12. dxe5 Nd5 13. Be4 Nb4 14. Qe2 Bxe4 15. Nxe4 a6 16. Rad1 Qc8 17. Nf6+ Kh8 18. Rd4 gxf6 19. exf6 Bxf6 20. Rh4 Bxb2 21. Qh5 Kg7 22.
Qg5+ Kh8 23. Qh6 1-0

[Event "Early-Titled-Tuesday-Blitz-January-30-2024"]
[Site "Chess.com"]
[Date "2024.01.30"]
[Round "2"]
[White "inagreV"]
[Black "ChessSwole"]
[Result "0-1"]
[WhiteElo "2372"]
[BlackElo "2617"]
[TimeControl "180+1"]
[EndTime "8:17:05 PST"]
[Termination "ChessSwole won by resignation"]

1. e4 e5 2. Nf3 Nf6 3. Nxe5 d6 4. Nf3 Nxe4 5. d4 Be7 6. Bd3 Nf6 7. O-O O-O 8. Re1 Bg4 9. h3 Bh5 10. Nbd2 c6 11. Nf1 a5 12. Ng3 Bg6 13. Nf5 Re8 14.
Bg5 Nbd7 15. Qd2 a4 16. a3 Bf8 17. Rxe8 Qxe8 18. Re1 Qd8 19. N3h4 Qa5 20. Nxg6 hxg6 21. Qxa5 Rxa5 22. Bxf6 gxf6 23. Ne3 d5 24. c3 Bd6 25. g3 Kg7 26. Kg2 Ra8 27. Nc2 f5 28. f4 Nf8 29. Re2 Ne6 30. Kf3 Rh8 31. h4 Kf6 32.
Ne1 Bxf4 33. gxf4 Rxh4 34. Ng2 Rh3+ 0-1

[Event "Early-Titled-Tuesday-Blitz-January-30-2024"]
[Site "Chess.com"]
[Date "2024.01.30"]
[Round "2"]
[White "VladimirKramnik"]
[Black "bazar-wokzal"]
[Result "1-0"]
[WhiteElo "2931"]
[BlackElo "2604"]
[TimeControl "180+1"]
[EndTime "8:17:06 PST"]
[Termination "VladimirKramnik won by resignation"]

1. c4 e5 2. Nc3 Nf6 3. Nf3 e4 4. Nd4 c6 5. d3 exd3 6. e4 d5 7.
cxd5 cxd5 8. e5 Ne4 9. Bxd3 Nxc3 10.
bxc3 Nc6 11. O-O Be7 12. Re1 O-O 13. Qh5 g6 14. Qh6 Re8 15. e6 f5 16. Nxf5 Bf8 17. Qh3 gxf5 18. Bxf5 Qc7 19. Bf4 Qg7 20. Re3 Kh8 21.
Rg3 Qe7 22. Bg5 Qg7 23. Bf6 1-0

[Event "Early-Titled-Tuesday-Blitz-January-30-2024"]
[Site "Chess.com"]
[Date "2024.01.30"]
[Round "2"]
[White "Baby_Legs"]
[Black "PedroGil25"]
[Result "0-1"]
[WhiteElo "2636"]
[BlackElo "2402"]
[TimeControl "180+1"]
[EndTime "8:17:06 PST"]
[Termination "PedroGil25 won by resignation"]

1. d4 Nf6 2. Bg5 b6 3. Nc3 Bb7 4. Nf3 e6 5. e4 h6 6. Bxf6 Qxf6 7.
Bd3 Bb4 8. O-O Bxc3 9. bxc3 d6 10. a4 a5 11. c4 Nd7 12. c3 e5 13. g3 O-O 14. Re1 Rfe8 15. Ra2 Re7 16. Nh4 g6 17. Bb1 Rae8 18. f3 Ba6 19. Qd3 exd4 20. Qxd4 Re5 21. f4 Rc5 22. e5 Qg7 23. Bd3 Nf8 24. Rae2 dxe5 25. Qf2 e4 26. Rxe4 Rxe4 27. Rxe4 Qxc3 28. Qd4 Qxd4+ 29. Rxd4 Ne6 30. Re4 Rc6 31. Nf3 Rd6 32.
Be2 Kf8 33. Ne5 Nc5 34. Re3 Nxa4 35. c5 Nxc5 0-1

[Event "Early-Titled-Tuesday-Blitz-January-30-2024"]
[Site "Chess.com"]
[Date "2024.01.30"]
[Round "2"]
[White "cthulhuuu"]
[Black "Lion-Al-Messi"]
[Result "0-1"]
[WhiteElo "2348"]
[BlackElo "2569"]
[TimeControl "180+1"]
[EndTime "8:17:06 PST"]
[Termination "Lion-Al-Messi won on time"]

1. e4 e6 2. d3 d5 3. Nd2 Nf6 4. Ngf3 b6 5. g3 Bb7 6. Qe2 c5 7. Bg2 Be7 8. O-O Nc6 9. c3 Qc7 10. a3 a5 11. e5 Nd7 12. d4 Ba6 13. c4 cxd4 14. b3 Ndxe5 15. Nxe5 Qxe5 16. Qd1 O-O 17. Re1 Qd6 18. Nf3 Bf6 19. cxd5 exd5 20. Bf4 Qd7 21. Ne5 Nxe5 22. Bxe5 Be7 23. Qxd4 Bc5 24.
Qxd5 Qxd5 25. Bxd5 Rad8 26. Rad1 Bxa3 27. Bc7 Rd7 28. Bxb6 Bb4 29. Re3 Rb8 30. Rf3 Rxd5 31. Rxd5 Bb7 32. Rfd3 Bxd5 33. Rxd5 Rxb6 0-1

[Event "Early-Titled-Tuesday-Blitz-January-30-2024"]
[Site "Chess.com"]
[Date "2024.01.30"]
[Round "2"]
[White "Iskusnyh"]
[Black "mishanick"]
[Result "0-1"]
[WhiteElo "2667"]
[BlackElo "3150"]
[TimeControl "180+1"]
[EndTime "8:17:07 PST"]
[Termination "mishanick won on time"]

1. d4 d5 2. c4 e6 3. Nf3 Nd7 4. g3 dxc4 5. Bg2 c6 6. O-O b5 7.
Nc3 Bb7 8. Bg5 Be7 9. Bxe7 Nxe7 10. b3 cxb3 11. axb3 O-O 12. Qb1 Nd5 13. Ne4 Qe7 14.
Rc1 a5 15. Nc5 Nxc5 16. Rxc5 Rfc8 17. Ne5 Qd6 18. Bxd5 exd5 19. Qc2 f6 20. Nd3 Re8 21.
Qd2 Bc8 22. e3 Bf5 23. Nf4 g5 24. Ne2 Be4 25. Rxa5 Rxa5 26. Qxa5 Qd7 27. Nc3 Bf3 28. Qa1 h5 29. b4 h4 30. Qf1 Ra8 0-1

[Event "Early-Titled-Tuesday-Blitz-January-30-2024"]
[Site "Chess.com"]
[Date "2024.01.30"]
[Round "2"]
[White "BogdanDeac"]
[Black "dcremisi"]
[Result "1-0"]
[WhiteElo "3091"]
[BlackElo "2654"]
[TimeControl "180+1"]
[EndTime "8:17:07 PST"]
[Termination "BogdanDeac won by resignation"]

1. d4 d5 2. Bf4 Nf6 3. e3 e6 4. Nf3 Bd6 5. Bg3 Bxg3 6. hxg3 h6 7. c4 c6 8. Nc3 Nbd7 9. Qc2 Qe7 10. Rd1 b6 11.
Rh4 Bb7 12. cxd5 exd5 13. Bd3 Rc8 14. g4 c5 15. g5 Ne4 16. Nxd5 Bxd5 17. Bxe4 Bxa2 18.
b3 O-O 19. Qxa2 cxd4 20. gxh6 g6 21. Qb2 Qb4+ 22. Qd2 1-0

[Event "Early-Titled-Tuesday-Blitz-January-30-2024"]
[Site "Chess.com"]
[Date "2024.01.30"]
[Round "2"]
[White "OparinGrigoriy"]
[Black "nindjaxx8"]
[Result "1-0"]
[WhiteElo "3010"]
[BlackElo "2624"]
[TimeControl "180+1"]
[EndTime "8:17:07 PST"]
[Termination "OparinGrigoriy won by resignation"]

1. Nc3 d5 2. Nf3 Nf6 3. d4 c5 4.
e3 Nc6 5. Bb5 Bg4 6. h3 Bh5 7. g4 Bg6 8. Ne5 Rc8 9. h4 cxd4 10.
exd4 h5 11. Nxg6 fxg6 12. g5 Ne4 13. Nxe4 dxe4 14. c3 Qd5 15. Qe2 e6 16. Rh3 Bd6 17.
Re3 O-O 18. Rxe4 Kh7 19. Bc4 Qa5 20. Bxe6 Rce8 21. Bd2 Qb6 22. O-O-O a5 23. Bg8+ Rxg8 24. Rxe8 Nxd4 25. Qe4 Rxe8 26. Qxe8 Nf3 27. Be3 Qa6 28.
Qe6 Qe2 29. Qxd6 a4 30. a3 Ne5 31. Qxe5 1-0

[Event "Early-Titled-Tuesday-Blitz-January-30-2024"]
[Site "Chess.com"]
[Date "2024.01.30"]
[Round "2"]
[White "zubridis"]
[Black "tacticthunder"]
[Result "0-1"]
[WhiteElo "2549"]
[BlackElo "2797"]
[TimeControl "180+1"]
[EndTime "8:17:08 PST"]
[Termination "tacticthunder won on time"]

1. e4 c5 2. Nc3 Nc6 3. f4 e6 4. Nf3 d5 5. Bb5 Ne7 6. Qe2 d4 7. Nd1 a6 8. Bxc6+ Nxc6 9. d3 b5 10. O-O Be7 11. Nf2 Bb7 12. Bd2 O-O 13. a3 f5 14.
Rae1 Kh8 15. g4 Bh4 16. Nxh4 Qxh4 17. Qf3 Ne7 18. Qg3 Ng6 19. exf5 exf5 20. g5 Qh5 21. Qh3 Nh4 0-1

[Event "Early-Titled-Tuesday-Blitz-January-30-2024"]
[Site "Chess.com"]
[Date "2024.01.30"]
[Round "2"]
[White "Kotlyar_K"]
[Black "olawsson"]
[Result "1-0"]
[WhiteElo "2495"]
[BlackElo "2161"]
[TimeControl "180+1"]
[EndTime "8:17:10 PST"]
[Termination "Kotlyar_K won on time"]

1. e4 c5 2. Nf3 a6 3. d4 cxd4 4. Nxd4 Nf6 5. Nc3 e5 6. Nb3 Bb4 7. Bg5 d6 8. Be2 h6 9. Bxf6 Bxc3+ 10. bxc3 Qxf6 11. O-O O-O 12. Na5 Rd8 13. Rb1 b5 14. c4 Qg6 15. Bf3 bxc4 16. Nxc4 Nc6 17. Qd5 Bd7 18. Nb6 Rac8 19. Nxd7 Rxd7 20. h3 Nd4 21.
Bg4 Rc5 22. Qa8+ Kh7 23. Bxd7 Nf3+ 24. Kh1 1-0

[Event "Early-Titled-Tuesday-Blitz-January-30-2024"]
[Site "Chess.com"]
[Date "2024.01.30"]
[Round "2"]
[White "tandaleo"]
[Black "ejalmedina"]
[Result "0-1"]
[WhiteElo "2525"]
[BlackElo "2328"]
[TimeControl "180+1"]
[EndTime "8:17:11 PST"]
[Termination "ejalmedina won by resignation"]

1. f4 d5 2. Nf3 Nf6 3. b3 Bf5 4. Bb2 e6 5. e3 Be7 6. Be2 O-O 7. O-O h6 8. d3 c6 9. Ne5 Nbd7 10. Nd2 Bh7 11.
Qe1 Qb6 12. Bd4 Bc5 13. c3 Nxe5 14. fxe5 Nd7 15. b4 Bxd4 16. exd4 Nxe5 17. Qg3 Ng6 18. Rae1 a5 19. a3 axb4 20. axb4 Ra3 21. Rc1 Rxc3 22. Nf3 Rxc1 23. Rxc1 Qxb4 24. h4 Ne7 25. Qf2 Qa3 26. Rd1 Ra8 27. Ne5 f6 28. Nd7 Qd6 29. Nc5 b6 30. Nb3 Nf5 31. Rc1 Qa3 32. Rb1 Qa2 33. Ra1 Qxa1+ 34. Nxa1 Rxa1+ 35.
Kh2 Ra2 36. Qe1 Nxd4 37. Bf1 Nf3+ 0-1

[Event "Early-Titled-Tuesday-Blitz-January-30-2024"]
[Site "Chess.com"]
[Date "2024.01.30"]
[Round "2"]
[White "Legendinunknown"]
[Black "JeFumeDesClopes"]
[Result "1-0"]
[WhiteElo "2821"]
[BlackElo "2560"]
[TimeControl "180+1"]
[EndTime "8:17:14 PST"]
[Termination "Legendinunknown won by resignation"]

1. d4 Nf6 2. c4 a6 3. Nc3 c5 4. dxc5 e6 5. e4 Nc6 6. Be3 Qa5 7. a3 Nxe4 8. Rc1 Bxc5 9. b4 Nxc3 10.
Rxc3 Nxb4 11. Bxc5 Na2 12. Bb4 Nxc3 13. Qd4 Qg5 14.
Qxc3 a5 15. Bd6 b5 16. Nf3 Qg6 17. Bd3 Qxg2 18. Rg1 Qxf3 19. Qxg7 1-0

[Event "Early-Titled-Tuesday-Blitz-January-30-2024"]
[Site "Chess.com"]
[Date "2024.01.30"]
[Round "2"]
[White "chucksterf10"]
[Black "MatthewG-p4p"]
[Result "1-0"]
[WhiteElo "2593"]
[BlackElo "2861"]
[TimeControl "180+1"]
[EndTime "8:17:16 PST"]
[Termination "chucksterf10 won by resignation"]

1. d4 Nf6 2. c4 c5 3. d5 e6 4.
Nc3 exd5 5. cxd5 d6 6. e4 g6 7. Nf3 a6 8. a4 Bg4 9. Be2 Bxf3 10. Bxf3 Bg7 11. O-O Nbd7 12. Be2 O-O 13. Bf4 Re8 14. Bxd6 Nxe4 15. Nxe4 Rxe4 16. Qc2 Rb4 17. Rab1 Qb6 18. Be7 Bxb2 19. a5 Qxa5 20. Rxb2 Rxb2 21. Qxb2 b5 22. d6 Rc8 23. Bg4 f5 24. Bf3 Nb6 25.
d7 1-0

[Event "Early-Titled-Tuesday-Blitz-January-30-2024"]
[Site "Chess.com"]
[Date "2024.01.30"]
[Round "2"]
[White "Grischuk"]
[Black "Viktor_Poddubnyi"]
[Result "1-0"]
[WhiteElo "3077"]
[BlackElo "2325"]
[TimeControl "180+1"]
[EndTime "8:17:17 PST"]
[Termination "Grischuk won by resignation"]

1. d4 g6 2. e4 Bg7 3. Nf3 d6 4.
Bd3 Nf6 5. O-O Nc6 6. Re1 e5 7. dxe5 dxe5 8. c3 O-O 9. Qc2 Qe7 10. b4 Bg4 11. Nbd2 Rfd8 12. a4 a6 13. Ba3 Qe8 14. h3 Bxf3 15. Nxf3 Nh5 16. Bc4 h6 17. g3 Bf8 18.
Kg2 Ng7 19. Bc1 Kh7 20. Be3 Ne6 21. h4 Bg7 22. Qb3 Qe7 23. Bxe6 fxe6 24. Rad1 Rf8 25. Bc5 Qf6 26. Bxf8 Rxf8 27. Rd3 Nd8 28. Re2 Nf7 29. c4 h5 30. c5 g5 31. hxg5 Nxg5 32. Nxg5+ Qxg5 33. Qxe6 Rf6 34. Qh3 Rh6 35. Qf5+ Qxf5 36. exf5 1-0

[Event "Early-Titled-Tuesday-Blitz-January-30-2024"]
[Site "Chess.com"]
[Date "2024.01.30"]
[Round "2"]
[White "djano"]
[Black "salomez"]
[Result "1-0"]
[WhiteElo "2713"]
[BlackElo "2319"]
[TimeControl "180+1"]
[EndTime "8:17:18 PST"]
[Termination "djano won on time"]

1. e4 c5 2. Nc3 Nc6 3. Bb5 Nd4 4. Nf3 Nxb5 5. Nxb5 a6 6. Nc3 d6 7. d4 cxd4 8. Qxd4 Nf6 9. Bg5 Qc7 10. O-O-O Bg4 11. Kb1 Bxf3 12. gxf3 b5 13. f4 O-O-O 14. Bxf6 gxf6 15.
Qd5 Bh6 16. Qa8+ Kd7 17. Qxa6 Rb8 18. Nd5 Qb7 19. Nxf6+ exf6 20. Qxd6+ Ke8 21. Qxf6 1-0

[Event "Early-Titled-Tuesday-Blitz-January-30-2024"]
[Site "Chess.com"]
[Date "2024.01.30"]
[Round "2"]
[White "LaPiToB"]
[Black "OneTrickPony_82"]
[Result "0-1"]
[WhiteElo "2289"]
[BlackElo "2538"]
[TimeControl "180+1"]
[EndTime "8:17:18 PST"]
[Termination "OneTrickPony_82 won on time"]

1. d4 Nf6 2. c4 e6 3. Nf3 d5 4. e3 b6 5. Nc3 Bb7 6. Be2 Nbd7 7. O-O a6 8. b3 Bd6 9. Bb2 O-O 10. a4 Qe7 11. Qc2 Ne4 12. Nxe4 dxe4 13. Nd2 f5 14. g3 Rad8 15. f3 Nf6 16. fxe4 Nxe4 17. Nxe4 Bxe4 18. Bd3 Qg5 19. Rf2 Qxe3 20. Rf1 Bxd3 0-1

[Event "Early-Titled-Tuesday-Blitz-January-30-2024"]
[Site "Chess.com"]
[Date "2024.01.30"]
[Round "2"]
[White "Artyom_ChessMate"]
[Black "WiktoriaPOL"]
[Result "1-0"]
[WhiteElo "2522"]
[BlackElo "2254"]
[TimeControl "180+1"]
[EndTime "8:17:18 PST"]
[Termination "Artyom_ChessMate won by resignation"]

1. e4 c5 2. Nc3 Nc6 3. Bb5 Nd4 4. Nf3 g6 5. O-O Bg7 6. Nxd4 cxd4 7. Ne2 a6 8. Ba4 b5 9. Bb3 Bb7 10. d3 d5 11. f3 e6 12. Bf4 Ne7 13. Qd2 O-O 14. Bh6 a5 15. a4 b4 16. Bxg7 Kxg7 17. Qf4 dxe4 18. fxe4 Nc6 19. h4 e5 20. Qg3 Bc8 21. Rf2 Qe7 22. Raf1 Be6 23. Bd5 Qd7 24. Bxc6 Qxc6 25. Qxe5+ Kg8 26. Nxd4 Qd7 27. Rf6 Qa7 28. Kh1 Rfe8 29. Nxe6 fxe6 30. Rxe6 Rf8 31. Ref6 Qe3 32. Qe6+ Kg7 33. Qe7+ Kh6 34. Rxf8 1-0

[Event "Early-Titled-Tuesday-Blitz-January-30-2024"]
[Site "Chess.com"]
[Date "2024.01.30"]
[Round "2"]
[White "PattyCastillo"]
[Black "ImportedItalianMaple"]
[Result "0-1"]
[WhiteElo "1997"]
[BlackElo "2455"]
[TimeControl "180+1"]
[EndTime "8:17:20 PST"]
[Termination "ImportedItalianMaple won on time"]

1. d4 g6 2. e4 Bg7 3. Nf3 c6 4.
Nc3 d5 5. exd5 cxd5 6. Bf4 Nc6 7. h3 e6 8. Bb5 Bd7 9. O-O Qb6 10. a4 Nxd4 11. Bxd7+ Kxd7 12. Nxd4 Qxd4 13. Nb5 Qxf4 14. c4 Ne7 15. cxd5 Nxd5 16. Rc1 Rhc8 17. Rxc8 Rxc8 18.
Nxa7 Ra8 19. Nb5 Qxa4 20. Qd3 Ra5 21. Nc3 Qd4 22. Qf3 Ke7 23. Rd1 Qc4 24. Nxd5+ Rxd5 25. Qa3+ Qc5 0-1

[Event "Early-Titled-Tuesday-Blitz-January-30-2024"]
[Site "Chess.com"]
[Date "2024.01.30"]
[Round "2"]
[White "K_A_S_T_O_R"]
[Black "Zavgorodniy_Sergiy"]
[Result "1/2-1/2"]
[WhiteElo "2906"]
[BlackElo "2606"]
[TimeControl "180+1"]
[EndTime "8:17:27 PST"]
[Termination "Game drawn by repetition"]

1. e4 e5 2. Nf3 d6 3. d4 exd4 4.
Nxd4 Nf6 5. Nc3 Be7 6. g3 Bg4 7. f3 Bd7 8. Bg2 c5 9. Nde2 b5 10. Nf4 Bc6 11. a4 b4 12. Ncd5 Nbd7 13. O-O O-O 14.
Be3 Nb6 15. Nxe7+ Qxe7 16. a5 Nc4 17. Bc1 Rad8 18. b3 Ne5 19. Re1 d5 20. exd5 Nxd5 21. Nxd5 Rxd5 22. Qe2 Qf6 23. Bb2 Nxf3+ 24. Bxf3 Qxb2 25. Bxd5 Qd4+ 26. Qf2 Qxd5 27. Kf1 Bb5+ 28. Kg1 Bc6 29. Kf1 Bb5+ 30. Kg1 Bc6 1/2-1/2

[Event "Early-Titled-Tuesday-Blitz-January-30-2024"]
[Site "Chess.com"]
[Date "2024.01.30"]
[Round "2"]
[White "kamilianin235"]
[Black "sofaceindisguise"]
[Result "0-1"]
[WhiteElo "2509"]
[BlackElo "2780"]
[TimeControl "180+1"]
[EndTime "8:17:31 PST"]
[Termination "sofaceindisguise won by resignation"]

1. e4 c5 2. Nf3 e6 3. d4 cxd4 4. Nxd4 a6 5. c4 Qc7 6. Nc3 Nf6 7. Bd3 Bb4 8. Nc2 Bxc3+ 9. bxc3 d6 10. Ba3 Nbd7 11.
O-O Nc5 12. Ne3 O-O 13. f3 Bd7 14. Bc2 Rfc8 15. Qd4 e5 16. Qd2 Be6 17. Rfd1 Rd8 18. Rab1 Rac8 19. Bb4 h6 20. g4 Nh7 21. h4 Nf8 22. h5 Nh7 23. Nf5 Bxf5 24. gxf5 Ng5 25. Kg2 Nh7 26. Kh2 Nf6 27. Rg1 Kh7 28. Qg2 Rg8 29.
Bxc5 Qxc5 30. Rxb7 Rc7 31. Rxc7 Qxc7 32. Bb3 Nxh5 33. Qg4 Nf4 34. Qh4 Qc5 35. Rd1 g5 36. Qe1 g4 37. Qg1 g3+ 38. Kh1 Qc7 39. Rd2 Qe7 0-1

[Event "Early-Titled-Tuesday-Blitz-January-30-2024"]
[Site "Chess.com"]
[Date "2024.01.30"]
[Round "2"]
[White "Jospem"]
[Black "AldokhinIvan"]
[Result "1-0"]
[WhiteElo "3048"]
[BlackElo "2633"]
[TimeControl "180+1"]
[EndTime "8:17:33 PST"]
[Termination "Jospem won by resignation"]

1. e4 c5 2. Nf3 e6 3. c3 Nf6 4. Bd3 d5 5. e5 Nfd7 6. Bc2 Nc6 7. d4 b5 8. O-O a5 9. Re1 Ba6 10. Nbd2 cxd4 11. cxd4 Be7 12. Nf1 Nb6 13. Ng3 a4 14. Nh5 O-O 15. h4 b4 16. Bg5 h6 17. Bxh6 gxh6 18.
Qd2 f5 19. exf6 Rxf6 20. Nxf6+ Bxf6 21. Rxe6 Rc8 22. Qxh6 Bg7 23. Qh7+ Kf8 24. Rae1 Nd7 25. Rg6 1-0

[Event "Early-Titled-Tuesday-Blitz-January-30-2024"]
[Site "Chess.com"]
[Date "2024.01.30"]
[Round "2"]
[White "jk13"]
[Black "pirulillo"]
[Result "1-0"]
[WhiteElo "2699"]
[BlackElo "2268"]
[TimeControl "180+1"]
[EndTime "8:17:33 PST"]
[Termination "jk13 won by resignation"]

1. e4 c5 2. c3 Nf6 3. e5 Nd5 4. Bc4 Nb6 5. Bb3 Nc6 6. Nf3 d5 7. exd6 Qxd6 8. O-O e6 9. d4 cxd4 10. cxd4 Be7 11. Nc3 O-O 12. Qd3 Nb4 13. Qe4 Bd7 14. Bf4 Qc6 15. Qe2 N4d5 16. Nxd5 Nxd5 17. Bg3 Bf6 18. Ne5 Bxe5 19. dxe5 Rac8 20. Rfd1 Qb5 21. Qg4 Bc6 22. Bh4 Kh8 23. Rac1 Qb6 24. Bg5 Bb5 25. Rxc8 Rxc8 26. Bxd5 exd5 27. Qxc8+ 1-0

[Event "Early-Titled-Tuesday-Blitz-January-30-2024"]
[Site "Chess.com"]
[Date "2024.01.30"]
[Round "2"]
[White "ricaurtelopezj1955"]
[Black "Barmen_EV"]
[Result "0-1"]
[WhiteElo "2125"]
[BlackElo "2471"]
[TimeControl "180+1"]
[EndTime "8:17:39 PST"]
[Termination "Barmen_EV won by resignation"]

1. e4 c5 2. d4 cxd4 3. c3 Nf6 4. e5 Nd5 5. Bc4 Nb6 6. Bb3 d6 7. Nf3 Nc6 8. exd6 Qxd6 9. cxd4 g6 10. O-O Bg7 11. h3 O-O 12. Be3 Na5 13. Nc3 Nac4 14.
Qe2 Nxe3 15. fxe3 Be6 16. Nb5 Qd7 17. Bxe6 fxe6 18. Rac1 Nd5 19. Na3 Bh6 20. Ne5 Qa4 21. Rc4 Qa5 22. e4 Ne3 23. Rxf8+ Rxf8 24. Ng4 Rf1+ 25. Kh2 Nxg4+ 26. Qxg4 Bf4+ 0-1

[Event "Early-Titled-Tuesday-Blitz-January-30-2024"]
[Site "Chess.com"]
[Date "2024.01.30"]
[Round "2"]
[White "Dinosaurio_1975"]
[Black "ViIIagra"]
[Result "0-1"]
[WhiteElo "2606"]
[BlackElo "2950"]
[TimeControl "180+1"]
[EndTime "8:17:41 PST"]
[Termination "ViIIagra won on time"]

1. e4 Nc6 2. d4 d5 3. e5 Bf5 4. c3 e6 5. Nf3 f6 6. Bd3 Bxd3 7.
Qxd3 fxe5 8. dxe5 Qd7 9. O-O Nge7 10. b4 Ng6 11. Re1 Be7 12. b5 Na5 13. g3 O-O 14. h4 Bc5 15. Ba3 Rxf3 16. Qxf3 Rf8 17. Qd1 Bxf2+ 18. Kg2 Bxe1 19. Bxf8 Bxg3 20. Kxg3 Nxf8 21.
Qe2 Ng6 22. h5 Ne7 23. Nd2 Nf5+ 24. Kh3 Qe7 25. Qg4 Qc5 26. Qf3 Nc4 27. Nb3 Qe7 28. Qf4 Qf7 29. Qg5 h6 30. Qd8+ Kh7 31. Rg1 Qxh5+ 32.
Kg2 Nce3+ 33. Kf2 Qh2+ 0-1

[Event "Early-Titled-Tuesday-Blitz-January-30-2024"]
[Site "Chess.com"]
[Date "2024.01.30"]
[Round "2"]
[White "nihalsarin"]
[Black "Martial2008"]
[Result "1-0"]
[WhiteElo "3180"]
[BlackElo "2677"]
[TimeControl "180+1"]
[EndTime "8:17:43 PST"]
[Termination "nihalsarin won by resignation"]

1. d4 Nf6 2. c4 e6 3. Nf3 d5 4. g3 Bb4+ 5. Bd2 Be7 6. Bg2 Nbd7 7. Qc2 c6 8. h4 Ne4 9. Nc3 Nxd2 10. Nxd2 O-O 11.
O-O f5 12. e3 Nf6 13. Rab1 Ne4 14. b4 Rf6 15. b5 Rg6 16. Nf3 Rh6 17. Ne2 g5 18. hxg5 Bxg5 19. bxc6 bxc6 20. cxd5 cxd5 21. Nxg5 Nxg5 22. Qc6 Bd7 23. Qd6 Ne4 24. Bxe4 fxe4 25. Rb7 Be8 26. Qxd8 Rxd8 27. Nf4 Bh5 28. Nxh5 Rxh5 29.
Rxa7 Rf5 30. a4 Rb8 31. Rc1 Rf7 32. Rxf7 Kxf7 33. a5 Ra8 34. Ra1 Ra6 35. Kg2 Kf6 36.
g4 Kg5 37. Kg3 h5 38. gxh5 Kxh5 39. Kf4 Kg6 40. Ke5 Kf7 41. Rb1 Rxa5 42. Rb7+ Kg6 43. Kxe6 Kg5 44. Rg7+ Kh4 45. Ke5 Kh3 46. Rd7 1-0

[Event "Early-Titled-Tuesday-Blitz-January-30-2024"]
[Site "Chess.com"]
[Date "2024.01.30"]
[Round "2"]
[White "lucliasco"]
[Black "AsterPhoenix"]
[Result "1-0"]
[WhiteElo "2883"]
[BlackElo "2584"]
[TimeControl "180+1"]
[EndTime "8:17:43 PST"]
[Termination "lucliasco won on time"]

1. e4 c5 2. Nc3 e6 3. d4 cxd4 4.
Qxd4 Nc6 5. Qd3 Nf6 6. Bf4 a6 7. O-O-O d6 8. Bxd6 Bxd6 9. Qxd6 Qxd6 10. Rxd6 Ke7 11. Rd2 b5 12. a3 Bb7 13. f3 Rhc8 14. Nge2 Nd7 15. Nd4 Nc5 16. Nxc6+ Bxc6 17. Be2 Rab8 18.
Rhd1 Be8 19. b4 Nb3+ 20. cxb3 Rxc3+ 21. Kb2 Rbc8 22. Bd3 e5 23. Bc4 Re3 24. Bd5 g5 25. Rc2 Rxc2+ 26. Kxc2 Re2+ 27. Rd2 Rxd2+ 28. Kxd2 Kd6 29.
Bb7 Kc7 30. Bxa6 Bd7 31. a4 bxa4 32. bxa4 Bxa4 33. Bc4 f6 34. g3 h6 35. h4 Bd7 36.
hxg5 hxg5 37. Ke3 Kb6 38. Kf2 Bb5 39. Bb3 Bd3 40. Ba4 Bb5 41. Bb3 Bd3 42. Ke3 Bf1 43.
Ba4 Bb5 44. Bc2 Bf1 45. Bd3 Bg2 46. Kf2 1-0

[Event "Early-Titled-Tuesday-Blitz-January-30-2024"]
[Site "Chess.com"]
[Date "2024.01.30"]
[Round "2"]
[White "MaxLeto"]
[Black "PabloZarnicki"]
[Result "1-0"]
[WhiteElo "2368"]
[BlackElo "2565"]
[TimeControl "180+1"]
[EndTime "8:17:43 PST"]
[Termination "MaxLeto won by resignation"]

1. g4 c5 2. Bg2 Nc6 3. c4 d6 4.
h3 h5 5. g5 h4 6. Nc3 g6 7. d3 Bg7 8. e4 e6 9. Be3 Nge7 10.
Qd2 Rb8 11. Nge2 Nd4 12. O-O Nec6 13. f4 a6 14. Rac1 Bd7 15. Kh1 Qa5 16. b3 Nxe2 17. Nxe2 Qxd2 18. Bxd2 b5 19. f5 exf5 20. exf5 Be5 21.
fxg6 fxg6 22. Nf4 Ne7 23. Be4 Rg8 24. Kg2 Kd8 25. Rce1 Kc7 26. Nd5+ Nxd5 27. Bxd5 Rgf8 28. Ba5+ Rb6 29. Rxf8 1-0

[Event "Early-Titled-Tuesday-Blitz-January-30-2024"]
[Site "Chess.com"]
[Date "2024.01.30"]
[Round "2"]
[White "AnaKuchava"]
[Black "Cambek64"]
[Result "0-1"]
[WhiteElo "2208"]
[BlackElo "2506"]
[TimeControl "180+1"]
[EndTime "8:17:43 PST"]
[Termination "Cambek64 won on time"]

1. d4 c5 2. d5 e5 3. c4 d6 4. Nc3 Be7 5. e4 Nf6 6. Nf3 O-O 7. Be2 Na6 8. O-O Nc7 9. a4 b6 10. Ne1 a6 11. Nd3 Nd7 12. Bg4 Rb8 13.
Bxd7 Bxd7 14. f4 f6 15. f5 b5 16. axb5 axb5 17. b3 bxc4 18. bxc4 Ra8 19. Bd2 Rxa1 20. Qxa1 Qa8 21. Qxa8 Rxa8 22. Rb1 Kf8 23. Rb7 Bd8 24.
Nxc5 Bc8 25. Rb6 Ne8 26. Rc6 dxc5 27. Be3 Bd7 28. Bxc5+ Kg8 0-1